 Dungeon Crawl Stone Soup version 0.29.1-1-gd02db6906a (webtiles) character file.

Game seed: 16957825698712280261

459 Icepheonix32 the Magician (level 6, -2/45 HPs)
             Began as a Draconian Fire Elementalist on Sept 22, 2022.
             Slain by Pikel
             ... wielding a +1 whip of flaming
              (7 damage)
             ... on level 4 of the Dungeon.
             The game lasted 00:05:09 (3543 turns).

Icepheonix32 the Magician (DrFE)                    Turns: 3543, Time: 00:05:09

Health: -2/45      AC:  9    Str: 10    XL:     6   Next: 78%
Magic:  8/12       EV: 12    Int: 18    God:
Gold:   234        SH:  0    Dex: 11    Spells: 5/14 levels left

rFire   . . .      SeeInvis .   j - +2 dagger (vamp)
rCold   . . .      Faith    .   (no shield)
rNeg    . . .      Spirit   .   (body armour unavailable)
rPois   +          Reflect  .   (helmet restricted)
rElec   .          Harm     .   (no cloak)
rCorr   .          Rampage  .   (no gloves)
Will    .....                   g - +2 pair of boots
Stlth   ++........              f - amulet of magic regeneration
HPRegen 0.15/turn               p - ring of poison resistance
MPRegen 0.53/turn               (no ring)

@: no status effects
A: AC +6, unfitting armour, cold-blooded
a: no special abilities


You were on level 4 of the Dungeon.
You visited 1 branch of the dungeon, and saw 4 of its levels.

You collected 234 gold pieces.

Inventory:

Hand Weapons
 j - a +2 vampiric dagger (weapon)
 o - a +1 hand axe of draining
Missiles
 h - 9 poisoned darts
Armour
 g - a +2 pair of boots (worn)
Jewellery
 f - an amulet of magic regeneration (around neck)
 p - a ring of poison resistance (left hand)
Wands
 k - a wand of quicksilver (9)
 t - a wand of flame (20)
 u - a wand of iceblast (10)
Scrolls
 b - 5 scrolls of identify {unknown}
 e - 3 scrolls of teleportation {unknown}
 i - a scroll of noise {unknown}
 l - 2 scrolls of butterflies {unknown}
 n - a scroll of vulnerability {unknown}
Potions
 a - 2 potions of magic
 c - a potion of curing
 d - a potion of heal wounds
 m - 2 potions of ambrosia {unknown}
 q - a potion of brilliance {unknown}
 r - a potion of haste {unknown}
 s - a potion of resistance {unknown}
 v - a potion of degeneration {unknown}


   Skills:
 + Level 0.3 Fighting
 + Level 2.3 Dodging
 + Level 1.9 Stealth
 + Level 0.2 Unarmed Combat
 * Level 4.5 Spellcasting
 * Level 3.0 Conjurations
 * Level 1.9 Summonings
 + Level 4.3 Fire Magic


You had 5 spell levels left.
You knew the following spells:

 Your Spells              Type           Power      Damage    Failure   Level
a - Foxfire               Conj/Fire      68%        2x1d7     3%          1
b - Scorch                Fire           38%        2d6       3%          2
c - Inner Flame           Hex/Fire       11%        N/A       17%         3
d - Call Canine Familiar  Summ           11%        N/A       19%         3

Your spell library contained the following spells:

 Spells                   Type           Power      Damage    Failure   Level
 Magic Dart               Conj           60%        1d6       4%          1
 Summon Small Mammal      Summ           44%        N/A       6%          1
 Conjure Flame            Conj/Fire      17%        6-21      9%          3
 Call Imp                 Summ           11%        N/A       10%         2
 Sandblast                Erth           8%         2d5       14%         1
 Passwall                 Tmut/Erth      3%         N/A       22%         2
 Stone Arrow              Conj/Erth      18%        3d8       22%         3
 Mephitic Cloud           Conj/Pois/Air  7%         N/A       26%         3
 Summon Guardian Golem    Hex/Summ       7%         N/A       28%         3
 Flame Wave               Conj/Fire      17%        2d7       30%         4


Dungeon Overview and Level Annotations

Branches:
Dungeon (4/15)
 Temple: D:4-7

Altars:

Annotations:
D:4 Pikel


Innate Abilities, Weirdness & Mutations

Your plain brown scales are hard. (AC +6)
You cannot fit into any form of body armour.
You are cold-blooded and may be slowed by cold attacks.


Message History

Pikel is severely wounded.
Pikel hits you with a +1 whip of flaming!
Pikel burns you.
* * * LOW HITPOINT WARNING * * *
The lemure hits you.
* * * LOW HITPOINT WARNING * * *
Unknown command.
Unknown command.
You feel much better. Pikel barely misses you. The lemure hits you!
Magic courses through your body.
Pikel says, "Dispater doesn't talk much, but I know they dig me."
Pikel hits you with a +1 whip of flaming.
Pikel burns you. The lemure hits you.
Unknown command.
Casting: Scorch (safe; 3% risk of failure)
Confirm with . or Enter, or press ? or * to list all spells.
Flames lash the lemure.
The lemure is almost dead.
The lemure's fire resistance burns away.
Pikel hits you with a +1 whip of flaming.
* * * LOW HITPOINT WARNING * * *
Pikel burns you.
* * * LOW HITPOINT WARNING * * *
The lemure misses you.
Casting: Scorch (safe; 3% risk of failure)
Confirm with . or Enter, or press ? or * to list all spells.
Flames lash Pikel.
Pikel is burned terribly!
Pikel is severely wounded.
Pikel hits you with a +1 whip of flaming.
* * * LOW HITPOINT WARNING * * *
Pikel burns you.
* * * LOW HITPOINT WARNING * * *
The lemure hits you.
* * * LOW HITPOINT WARNING * * *
Casting: Scorch (safe; 3% risk of failure)
Confirm with . or Enter, or press ? or * to list all spells.
Flames lash Pikel.
Pikel is burned terribly!
Pikel is almost dead.
Pikel hits you with a +1 whip of flaming!
You die...

#..............#
#..............#
#..............#
#..............#####
#..................#
#..................#
#........######....#
#........#....#5K..#
#........#....#.@..#
#........#....#....#
#........###'##....#
....###'###........####
....#.....#........#..#
....#.....+........'..#
....#.###+#........##+##
#######....##+###......#
# #....'..[.'......#


You could see Pikel (combustible) and a lemure (combustible).

Vanquished Creatures
  A steam dragon (D:4)
  3 lemures
  A phantom (D:4)
  A scorpion (D:4)
  A hound (D:4)
  An iguana (D:4)
  4 gnolls (D:2)
  3 adders
  2 worms
  A dart slug (D:1)
  An orc (D:3)
  8 endoplasms
  2 giant cockroaches
  2 goblins
  9 hobgoblins
  7 jackals (D:2)
  2 quokkas
  7 ball pythons
  3 bats
  4 frilled lizards
  4 kobolds
  10 rats
77 creatures vanquished.

Vanquished Creatures (others)
  349 foxfires
349 creatures vanquished.

Grand Total: 426 creatures vanquished

Notes
Turn   | Place    | Note
-------+----------+-------------------------------------------
     0 | D:1      | Icepheonix32 the Draconian Fire Elementalist began the
                  | quest for the Orb.
     0 | D:1      | Reached XP level 1. HP: 14/14 MP: 3/3
   169 | D:1      | Reached XP level 2. HP: 8/20 MP: 0/5
   773 | D:1      | Found a faded altar of an unknown god.
  1007 | D:2      | Reached XP level 3. HP: 26/26 MP: 2/6
  1426 | D:2      | Identified the +3 leather armour "Woxzat" {Dex+3}
  1608 | D:2      | Reached XP level 4. HP: 26/33 MP: 8/8
  2159 | D:3      | Learned a level 2 spell: Scorch
  2163 | D:3      | Learned a level 3 spell: Inner Flame
  2167 | D:3      | Learned a level 3 spell: Call Canine Familiar
  2480 | D:3      | Reached XP level 5. HP: 37/38 MP: 10/10
  2679 | D:4      | Noticed a steam dragon
  2685 | D:4      | Killed a steam dragon
  2686 | D:4      | Reached XP level 6. HP: 38/45 MP: 1/12
  2747 | D:4      | Reached skill level 1 in Summonings
  3022 | D:4      | Noticed Pikel
  3543 | D:4      | Slain by Pikel

Illustrated notes

Levels and vault maps discovered:
D:1:      onia_arrival_handbag, layout_basic, ebering_ecumenical_altar_box,
          minmay_crystal_water, minmay_tetromino_i4
D:2:      layout_basic
D:3:      layout_rooms, minmay_misc_feat_cross
D:4:      layout_gridville, uniq_pikel

Skill      XL: |  1  2  3  4  5  6 |
---------------+-------------------+-----
Conjurations   | 2 3 |  3.0
Spellcasting   | 3 4 |  4.5
Dodging        | 2 |  2.3
Summonings     | 1 |  1.9
Fire Magic     | 4 |  4.3
Fighting       | |  0.3
Stealth        | |  1.9
Unarmed Combat | |  0.2

Action                   |  1- 3 |  4- 6 || total
-------------------------+-------+-------++-------
Melee: Unarmed           |    19 |       ||    19
       Dagger            |    25 |    42 ||    67
       Tailslap          |     4 |     8 ||    12
 Cast: Foxfire           |    90 |   120 ||   210
       Scorch            |       |    22 ||    22
  Use: Scroll            |     1 |       ||     1
       Potion            |       |     4 ||     4
 Stab: Sleeping          |     1 |       ||     1
Armor: Skin              |    24 |    42 ||    66
Dodge: Dodged            |    42 |    65 ||   107
